 Dungeon Crawl Stone Soup version 0.30-b1-2-g02819fbbbe (webtiles) character file.

Game seed: 9125163332775393297

1750275 HumbleHazard the Conqueror (level 27, 214/214 (218) HPs)
             Began as a Hill Orc Fighter on June 18, 2023.
             Was an Initiate of Gozag.
             Escaped with the Orb
             ... and 3 runes!
             The game lasted 03:54:03 (63091 turns).

HumbleHazard the Conqueror (Hill Orc Fighter)      Turns: 63091, Time: 03:54:04

HP:   214/214 (218) AC: 47    Str: 41    XL:     27
MP:   23/23         EV: 10    Int:  4    God:    Gozag
Gold: 4444          SH: 32    Dex: 10    Spells: 26/26 levels left

rFire   + . .        a - +9 broad axe (heavy)
rCold   + . .        n - +3 tower shield "Rom Icw" {rElec rPois}
rNeg    + . .        V - +6 plate armour of Myt Ocriyn {rPois rF+ Will+++ Int-2}
rPois   +            I - +2 helmet "Jotrafit" {Will+ Int+2}
rElec   +            Z - +2 cloak {Will+}
rCorr   +            D - +3 pair of gauntlets of War {Slay+5}
SInv    .            P - +3 pair of boots "Kaom" {Regen+ rCorr}
Will    +++++        H - amulet "Gagugon" {Reflect rC+ rN+ Int-4 SH+5} Stlth
                     L - ring of Juxkim {Wiz Drain rF- Str+8 Slay+5}
HPRegen 1.35/turn    X - ring of protection from fire
MPRegen 0.18/turn

%: reflection, wizardry (x1)
@: hasted, studying Necromancy, lightly drained, very quick
A: frail 2, mutation resistance 1, shaggy fur 1
0: Orb of Zot
}: 3/15 runes: serpentine, barnacled, silver
a: Renounce Religion, Potion Petition, Call Merchant, Bribe Branch


You escaped.
You worshipped Gozag.
Gozag was most pleased with you.
You visited 10 branches of the dungeon, and saw 48 of its levels.
You also visited: Trove, Sewer and Wizlab.

You collected 28418 gold pieces.
You spent 6378 gold pieces at shops.
You paid 17596 gold pieces to Gozag.

Inventory:

Hand Weapons
 a - a +9 heavy broad axe (weapon)
 b - a +7 broad axe of flaming
Missiles
 m - 5 throwing nets
Armour
 n - the +3 tower shield "Rom Icw" (worn) {rElec rPois}
   (You found it in a treasure trove)

   rElec:     It insulates you from electricity.
   rPois:     It protects you from poison.
 D - the +3 pair of gauntlets of War (worn) {Slay+5}
   (You acquired it on level 5 of the Dungeon)

   Slay:      It affects your accuracy & damage with ranged weapons and melee
   (+5).
 I - the +2 helmet "Jotrafit" (worn) {Will+ Int+2}
   (You found it in a treasure trove)

   Int:       It affects your intelligence (+2).
   Will:      It increases your willpower.
 O - the +9 plate armour of the King of the Hill {Int-5 Dex+2 Slay+5}
   (You found it in a treasure trove)

   Int:       It affects your intelligence (-5).
   Dex:       It affects your dexterity (+2).
   Slay:      It affects your accuracy & damage with ranged weapons and melee
   (+5).
 P - the +3 pair of boots "Kaom" (worn) {Regen+ rCorr}
   (You found it in a treasure trove)

   Regen:     It increases your rate of health regeneration.
   rCorr:     It protects you from acid and corrosion.
 V - the +6 plate armour of Myt Ocriyn (worn) {rPois rF+ Will+++ Int-2}
   (You bought it in a shop on level 8 of the Dungeon)

   Int:       It affects your intelligence (-2).
   rF:        It protects you from fire.
   rPois:     It protects you from poison.
   Will:      It greatly increases your willpower.
 Z - a +2 cloak of willpower (worn)
Jewellery
 j - an amulet of regeneration
 H - the amulet "Gagugon" (around neck) {Reflect rC+ rN+ Int-4 SH+5}
   (You found it on level 1 of the Vaults)

   [amulet of reflection]

   It reflects blocked missile attacks.
   Int:       It affects your intelligence (-4).
   rC:        It protects you from cold.
   rN:        It protects you from negative energy.
   SH:        It affects your SH (+5).
 J - a ring of flight
 L - the ring of Juxkim (left hand) {Wiz Drain rF- Str+8 Slay+5}
   (You found it on level 13 of the Dungeon)

   [ring of wizardry]

   It improves your spell success rate.
   Str:       It affects your strength (+8).
   Slay:      It affects your accuracy & damage with ranged weapons and melee
   (+5).
   rF:        It makes you vulnerable to fire.
   Drain:     It drains your maximum health when unequipped.
 X - a ring of protection from fire (right hand)
Wands
 p - a wand of flame (60)
 u - a wand of mindburst (67)
 w - a wand of roots (28)
 y - a wand of polymorph (25)
 A - a wand of paralysis (77)
 B - a wand of digging (12)
 C - a wand of light (25)
Scrolls
 c - 2 scrolls of amnesia
 h - 15 scrolls of poison
 i - 29 scrolls of teleportation
 q - 13 scrolls of fog
 s - 9 scrolls of fear
 x - 10 scrolls of magic mapping
 E - 3 scrolls of immolation
 Q - 8 scrolls of butterflies
 S - 5 scrolls of blinking
 T - 4 scrolls of silence (quivered)
Potions
 d - 8 potions of might
 e - 26 potions of curing
 g - 4 potions of cancellation
 k - 16 potions of heal wounds
 r - 6 potions of invisibility
 t - 16 potions of lignification
 v - a potion of brilliance
 z - 3 potions of berserk rage
 F - 5 potions of ambrosia
 K - 7 potions of flight
 M - 3 potions of resistance
 U - 10 potions of haste
Miscellaneous
 o - a phantom mirror
 G - a box of beasts
 N - a condenser vane
 R - a phial of floods
 W - a lightning rod (4/4)


   Skills:
 O Level 27 Fighting
 - Level 25.0 Axes
 + Level 26.0 Armour
 O Level 27 Shields
 - Level 20.7 Evocations


You had 26 spell levels left.
You didn't know any spells.
Your spell library contained the following spells:

 Spells                   Type           Power      Damage    Failure   Level
 Apportation              Tloc           0%         N/A       43%         1
 Foxfire                  Conj/Fire      0%         2x1d4     43%         1
 Freeze                   Ice            0%         1d3       43%         1
 Kiss of Death            Conj/Necr      0%         2d5       43%         1
 Magic Dart               Conj           0%         1d3       43%         1
 Necrotise                Necr           0%         1d4       43%         1
 Sandblast                Erth           0%         2d4       43%         1
 Slow                     Hex            0%         N/A       43%         1
 Sting                    Tmut/Pois      0%         1d3       43%         1
 Summon Small Mammal      Summ           0%         N/A       43%         1
 Call Imp                 Summ           0%         N/A       56%         2
 Cigotuvi's Dreadful Rot  Necr/Pois/Air  0%         N/A       56%         2
 Ensorcelled Hibernation  Hex/Ice        0%         N/A       56%         2
 Lesser Beckoning         Tloc           0%         N/A       56%         2
 Passwall                 Tmut/Erth      0%         N/A       56%         2
 Poisonous Vapours        Pois/Air       0%         N/A       56%         2
 Static Discharge         Conj/Air       0%         2-2/arc   56%         2
 Sublimation of Blood     Necr           0%         N/A       56%         2
 Confusing Touch          Hex            0%         N/A       80%         3
 Dazzling Flash           Conj/Hex       0%         N/A       80%         3
 Frozen Ramparts          Ice            0%         1d1       80%         3
 Gell's Gravitas          Tloc           0%         N/A       80%         3
 Hailstorm                Conj/Ice       0%         3d3       80%         3
 Ignite Poison            Fire/Tmut/Pois 0%         N/A       80%         3
 Mephitic Cloud           Conj/Pois/Air  0%         N/A       80%         3
 Spider Form              Tmut/Pois      0%         N/A       80%         3
 Stone Arrow              Conj/Erth      0%         3d7       80%         3
 Teleport Other           Tloc           0%         N/A       80%         3
 Vampiric Draining        Necr           0%         2d6       80%         3
 Volatile Blastmotes      Fire/Tloc      0%         2d10      80%         3
 Airstrike                Air            0%         2d(0-16)  99%         4
 Anguish                  Hex/Necr       0%         N/A       99%         4
 Animate Armour           Summ/Erth      0%         N/A       99%         4
 Cause Fear               Hex            0%         N/A       99%         4
 Dispel Undead            Necr           0%         3d6       99%         4
 Fulminant Prism          Conj/Hex       0%         3d5       99%         4
 Iskenderun's Mystic Bla  Conj/Tloc      0%         2d3       99%         4
 Manifold Assault         Tloc           0%         N/A       99%         4
 Olgreb's Toxic Radiance  Pois           0%         N/A       99%         4
 Petrify                  Tmut/Erth      0%         N/A       99%         4
 Summon Ice Beast         Ice/Summ       0%         N/A       99%         4
 Summon Lightning Spire   Summ/Air       0%         N/A       99%         4
 Agony                    Necr           0%         N/A       100%        5
 Alistair's Intoxication  Tmut/Pois      0%         N/A       100%        5
 Borgnjor's Vile Clutch   Necr/Erth      0%         N/A       100%        5
 Freezing Cloud           Conj/Ice/Air   0%         6-21      100%        5
 Iskenderun's Battlesphe  Conj           0%         2d6       100%        5
 Lee's Rapid Deconstruct  Erth           0%         3d4*      100%        5
 Metabolic Englaciation   Hex/Ice        0%         N/A       100%        5
 Silence                  Hex/Air        0%         N/A       100%        5
 Summon Forest            Summ/Tloc      0%         N/A       100%        5
 Summon Mana Viper        Hex/Summ       0%         N/A       100%        5
 Conjure Ball Lightning   Conj/Air       0%         3x3d6     100%        6
 Death Channel            Necr           0%         N/A       100%        6
 Dispersal                Tloc           0%         N/A       100%        6
 Eringya's Noxious Bog    Tmut/Pois      0%         N/A       100%        6
 Iron Shot                Conj/Erth      0%         9d1       100%        6
 Starburst                Conj/Fire      0%         6d3       100%        6
 Statue Form              Tmut/Erth      0%         N/A       100%        6
 Dragon Form              Tmut           0%         N/A       100%        7
 Enfeeble                 Hex            0%         N/A       100%        7
 Monstrous Menagerie      Summ           0%         N/A       100%        7
 Orb of Destruction       Conj           0%         9d5       100%        7
 Storm Form               Tmut/Air       0%         N/A       100%        7
 Summon Hydra             Summ           0%         N/A       100%        7
 Discord                  Hex            0%         N/A       100%        8
 Disjunction              Tloc           0%         N/A       100%        8
 Lehudib's Crystal Spear  Conj/Erth      0%         10d2      100%        8
 Maxwell's Capacitive Co  Air            0%         ∞         100%        8
 Dragon's Call            Summ           0%         N/A       100%        9
 Simulacrum               Ice/Necr       Unusable   N/A       N/A         6

Dungeon Overview and Level Annotations

Branches:
Dungeon (15/15)            Temple (1/1) D:7            Lair (5/5) D:8
 Shoals (4/4) Lair:3        Snake (4/4) Lair:3        Slime (0/5) Lair:5
    Orc (2/2) D:10            Elf (3/3) Orc:2        Vaults (5/5) D:13
  Crypt (0/3) Vaults:2     Depths (4/4) D:15            Zot (5/5) Depths:4
  Sewer (visited)          WizLab (visited)

Altars:
Ashenzari
Cheibriados
Dithmenos
Elyvilon
Fedhas
Gozag
Hepliaklqana
Kikubaaqudgha
Makhleb
Nemelex Xobeh
Okawaru
Qazlal
Ru
Sif Muna
Trog
Uskayaw
Vehumet
Wu Jian
Xom
Yredelemnul
Zin
The Shining One

Shops:
D:5 ?   D:8 [(?*=??   D:10 *   Orc:2 ((*?   Elf:1 ?   Shoals:1 [   Snake:4 (
Vaults:1 :   Vaults:3 *   Vaults:4 (   Vaults:5 ((([?!   Depths:1 **
Depths:4 :=:

Portals:
Hell: Depths:1 Depths:2 Depths:3 Depths:4
Abyss: Depths:1 Depths:2 Depths:3
Pandemonium: Depths:1 Depths:2
Ziggurat: Depths:4

Annotations:
D:5 1 runed translucent door, Crazy Yiuf
D:9 deadliest behind wall ever
Lair:5 3 runed translucent doors, Borgoz's ghost, journeyman MiBe
Shoals:3 Roxanne
Elf:1 6 runed translucent doors


Innate Abilities, Weirdness & Mutations

You are very frail. (-20% HP)
You are somewhat resistant to further mutation.
You are covered in fur. (AC +1)


Message History

There is an escape hatch in the ceiling here.
A mysterious force pulls you upwards. The hatch slams shut behind you.
There is a stone staircase leading up here.
You climb upwards.
There is a stone staircase leading down here.
There is a stone staircase leading up here.
You climb upwards.
Level annotation: 1 runed translucent door, Crazy Yiuf
There is a stone staircase leading down here.
There is an open door here.
There is an open door here.
There is a stone staircase leading up here.
You climb upwards.
There is a stone staircase leading down here.
There is an open door here.
There is an open door here.
There is an escape hatch in the ceiling here.
A mysterious force pulls you upwards. The hatch slams shut behind you.
Things that are here:
3 stones; a +0 dagger You hear a grinding noise. 2 orange demons and a sixfirhy come into view.
The orange demon screeches!
You feel yourself speed up.
You hear a grinding noise.
You block the sixfirhy's attack.
You block the sixfirhy's attack. x2; The sixfirhy barely misses you.
You hear a grinding noise.
A cacodemon comes into view.
The cacodemon gestures at you. The bolt of energy misses you.
You block the sixfirhy's attack.
The sixfirhy hits you but does no damage. x2
There is an escape hatch in the ceiling here.
A mysterious force pulls you upwards. The hatch slams shut behind you.
There is an escape hatch in the ceiling here.
A mysterious force pulls you upwards. The hatch slams shut behind you.
There is an open door here.
There is a staircase leading out of the dungeon here.
You have escaped!

...≈#####...##### ≈#.≈.###..#.#
~.....##....# ##.#...#..###
#.#..≈....## .###≈≈≈....####
######..>#....###
.........###..#8♣♣
..^...#....#..'.@♣ #####
......#.##....#8♣♣ #...###
....###.####..###♣♣## #.#.#≈##
#.#.###.###.........####.#.≈~~#
.........................#.~≈##
.......##≈#.#.##.......###~≈##
...##..##≈≈...##.......# #~≈#
........#≈.#..##.......# #≈.#
>.#...#.##.##≈≈≈.......# #≈.#


There were no monsters in sight!

Vanquished Creatures
  2 dread liches (Zot:5)
  7 ancient liches
  Mara (Depths:1)
  Mennas (Depths:3)
  5 orbs of fire
  6 Killer Klowns
  Vv (Zot:4)
  Frederick (Vaults:4)
  2 caustic shrikes
  2 curse toes
  Jory (Vaults:4)
  7 golden dragons
  A profane servitor (Zot:1)
  A Brimstone Fiend (Zot:2)
  5 electric golems
  17 tentacled monstrosities
  Jorgrun (Elf:1)
  Zenata (Vaults:4)
  A walking crystal tome (Depths:4)
  A moon troll (WizLab)
  3 deep elf blademasters
  28 Orb Guardians
  2 liches
  2 deep elf master archers (Elf:3)
  A walking frostbound tome (Depths:4)
  Asterion (Depths:2)
  6 titans
  8 quicksilver dragons
  Polyphemus (Shoals:4)
  8 tentacled starspawn (WizLab)
  10 death cobs
  3 sphinxes
  5 tengu reavers
  13 storm dragons
  16 shadow dragons
  A storm dragon (shapeshifter) (Vaults:5)
  3 nagarajas
  8 draconian monks
  6 draconian knights
  2 fire giants
  5 ghost moths
  12 frost giants
  7 draconian scorchers
  6 deep elf sorcerers
  2 iron dragons (Vaults:5)
  20 vault wardens
  3 deep elf elementalists (Elf:3)
  5 draconian shifters
  4 orc warlords
  An angel (D:9)
  22 ironbound preservers
  7 war gargoyles
  2 quicksilver oozes (shapeshifter)
  2 spriggan defenders (Depths:2)
  2 draconian stormcallers
  7 ironbound thunderhulks
  4 draconian annihilators
  A cacodemon (WizLab)
  A reaper (Zot:1)
  36 very ugly things
  3 vampire knights
  20 stone giants
  12 white draconians
  3 demonspawn black suns (Zot:1)
  Azrael (Elf:1)
  11 green draconians
  10 deep elf annihilators
  17 purple draconians
  8 deep elf demonologists
  4 spark wasps
  A lorocyproca (D:12)
  9 black draconians
  7 dire elephants
  10 red draconians
  2 minotaurs (Shoals:4)
  4 deep elf death magi
  13 yellow draconians
  5 merfolk impalers
  2 merfolk javelineers
  4 crystal guardians
  Snorg (D:14)
  12 fire dragons
  Josephine (D:15)
  11 ettins
  8 great orbs of eyes
  3 jiangshi (Depths:1)
  7 deep elf high priests
  A green death (Depths:1)
  22 yaktaur captains
  An entropy weaver (Vaults:1)
  6 peacekeepers
  42 vault guards
  5 spriggan air magi
  5 ice dragons
  An ogre mage (D:15)
  5 hydras
  6 rakshasas
  2 death knights (D:9)
  10 satyrs
  6 two-headed ogres
  17 centaur warriors
  8 ironbound frosthearts
  10 anacondas
  2 merfolk avatars
  3 alligator snapping turtles
  A boulder beetle (Lair:3)
  5 catoblepae
  3 deep troll shamans
  10 death yaks
  20 dancing weapons
  8 naga warriors
  An orc high priest (Elf:1)
  9 deep troll earth magi
  7 tengu warriors
  5 spriggan berserkers
  A shock serpent (shapeshifter) (Vaults:3)
  9 naga sharpshooters
  4 sun demons (Shoals:2)
  8 vampire magi
  2 soul eaters (Depths:1)
  16 deep elf knights
  5 spriggans
  6 shock serpents
  5 hell knights (Depths:2)
  6 skysharks
  3 shadow wraiths (Vaults:5)
  2 salamander mystics
  A goliath frog (shapeshifter) (D:9)
  5 skeletal warriors (D:15)
  10 iron trolls
  13 sea snakes
  62 deep trolls
  10 glowing orange brains
  A deep troll (shapeshifter) (Depths:2)
  A glowing orange brain (shapeshifter) (Vaults:5)
  7 naga ritualists
  2 flayed ghosts
  An orange crystal statue (WizLab)
  10 wizards
  5 phantasmal warriors
  27 harpies
  25 ironbound convokers
  9 lindwurms
  9 deep elf archers
  Pikel (D:8)
  20 deep elf pyromancers
  2 orc sorcerers
  24 deep elf zephyrmancers
  3 necromancers
  11 orc knights
  An oklob plant (Lair:4)
  43 ugly things
  16 mana vipers
  23 manticores
  A shining eye (shapeshifter) (Depths:3)
  20 salamanders
  5 cyclopes
  25 fauns
  27 moths of wrath
  17 elephants
  A rust devil (Zot:4)
  9 guardian serpents
  Joseph (Lair:1)
  15 merfolk sirens
  8 water nymphs
  5 gargoyles
  7 naga magi
  7 eyes of devastation (WizLab)
  17 vault sentinels
  Maggie (D:8)
  10 cane toads
  40 black mambas
  37 yaktaurs
  An unseen horror (shapeshifter) (Elf:1)
  A kobold demonologist (Depths:2)
  A torpor snail (Lair:5)
  Psyche (D:8)
  9 komodo dragons
  2 rime drakes
  4 tengu conjurers
  A freezing wraith (Vaults:2)
  28 merfolk
  3 polar bears
  A meliai (shapeshifter) (D:14)
  A red devil (Zot:2)
  6 hornets
  4 trolls
  3 meliai
  A raiju (shapeshifter) (D:15)
  6 snapping turtles
  A wind drake (shapeshifter) (Vaults:5)
  5 blink frogs
  A dream sheep (shapeshifter) (Vaults:5)
  6 dream sheep
  A snapping turtle (shapeshifter) (Depths:4)
  8 wind drakes
  34 slime creatures
  3 air elementals
  A jumping spider (shapeshifter) (Vaults:2)
  5 shadows
  8 water elementals
  2 ynoxinuls
  Sigmund (D:3)
  2 wyverns
  4 wraiths
  A basilisk (shapeshifter) (Depths:3)
  6 fire elementals
  2 yaks (shapeshifter) (D:12)
  4 golden eyes (WizLab)
  6 humans (D:7)
  2 steam dragons
  Grum (D:8)
  62 yaks
  5 basilisks
  4 neqoxecs
  A redback (D:15)
  2 vampire mosquitoes (D:15)
  3 wargs
  Edmund (D:6)
  21 nagas
  A naga (shapeshifter) (D:14)
  3 acid dragons
  2 hell hounds (Elf:1)
  10 water moccasins
  A floating eye (Depths:2)
  40 orc warriors
  3 ice beasts
  6 black bears
  4 boggarts (Vaults:1)
  6 ogres
  21 centaurs
  12 wolves
  2 lemures (D:8)
  Blork the orc (D:5)
  3 kobold brigands
  16 bullfrogs
  A scorpion (D:4)
  A gnoll sergeant (D:7)
  An earth elemental (Elf:2)
  4 wights (D:10)
  27 killer bees
  4 howler monkeys
  6 electric eels
  6 jellies
  A hound (D:6)
  2 gnoll boudas
  10 orc priests
  13 starcursed masses (WizLab)
  6 iguanas
  A sleepcap (D:7)
  Natasha (thrice) (D:3)
  14 orc wizards
  8 ogre zombies (D:10)
  26 gnolls
  12 adders
  6 river rats (Sewer)
  4 white imps
  3 ufetubi
  2 worms
  4 dart slugs
  74 orcs
  6 endoplasms
  A giant cockroach (D:2)
  4 goblins
  2 hobgoblins (D:2)
  3 quokkas
  12 ball pythons
  3 bats
  5 frilled lizards
  2 goblin skeletons (D:10)
  3 goblin zombies (D:10)
  2 hobgoblin zombies (D:10)
  6 kobolds
  2 orc skeletons (D:10)
  16 orc zombies (D:10)
  34 rats
  3 spectral weapons (Depths:2)
  12 starspawn tentacles (WizLab)
2174 creatures vanquished.

Vanquished Creatures (collateral kills)
  An orc knight (Vaults:4)
  A deep elf pyromancer (Elf:1)
  An orc warrior (Elf:1)
  An orc (Elf:1)
4 creatures vanquished.

Vanquished Creatures (others)
  A storm dragon (Vaults:5)
  A draconian monk (Zot:1)
  A deep troll (shapeshifter) (Vaults:5)
  A boggart (Vaults:2)
  An orc wizard (Elf:1)
  A demonic plant (WizLab)
  64 fungi
  125 plants
  3 starspawn tentacles (WizLab)
198 creatures vanquished.

Grand Total: 2376 creatures vanquished

Notes
Turn   | Place    | Note
-------+----------+-------------------------------------------
     0 | D:1      | HumbleHazard the Hill Orc Fighter began the quest for the
                  | Orb.
     0 | D:1      | Reached XP level 1. HP: 19/19 MP: 1/1
    48 | D:1      | Reached XP level 2. HP: 17/27 MP: 2/2
   694 | D:2      | Reached XP level 3. HP: 24/34 MP: 3/3
   770 | D:2      | Found a faded altar of an unknown god.
  1089 | D:3      | Noticed Sigmund
  1466 | D:4      | Reached skill level 5 in Fighting
  1466 | D:4      | Reached XP level 4. HP: 42/42 MP: 4/4
  1483 | D:4      | Reached skill level 5 in Axes
  1515 | D:4      | Reached XP level 5. HP: 41/48 MP: 5/5
  1533 | D:4      | Found a shadowy altar of Dithmenos.
  1661 | D:4      | Found a glowing drain.
  1670 | Sewer    | Entered a sewer
  1872 | Sewer    | Reached XP level 6. HP: 54/57 MP: 6/6
  2090 | D:4      | Noticed a black bear
  2097 | D:4      | Killed a black bear
  2098 | D:4      | Reached XP level 7. HP: 62/66 MP: 7/7
  2414 | D:4      | Found the +7 great mace "Undeadhunter" {deathbane, rN+}
  2760 | D:4      | Found a shimmering altar of Xom.
  2769 | D:4      | Found a hide-covered altar of Uskayaw.
  2769 | D:4      | Found a shimmering altar of Xom.
  2771 | D:4      | Found a sacrificial altar of Ru.
  2771 | D:4      | Found a basalt altar of Yredelemnul.
  2771 | D:4      | Found a shadowy altar of Dithmenos.
  2844 | D:5      | Entered Level 5 of the Dungeon
  2934 | D:5      | Reached XP level 8. HP: 71/74 MP: 8/8
  3121 | D:5      | Found The Oracle's Delphic Readings.
  3517 | D:5      | Noticed Blork the orc
  3524 | D:5      | Killed Blork the orc
  3878 | D:5      | Found a runed translucent door.
  3879 | D:5      | Noticed Crazy Yiuf
  4354 | D:6      | Found a shimmering blue altar of Sif Muna.
  4367 | D:6      | Reached skill level 10 in Axes
  4371 | D:6      | Got Sif Muna's Teachings on the Heavy Grave
  4376 | D:6      | Found a bloodstained altar of Trog.
  4648 | D:6      | Reached skill level 10 in Fighting
  4648 | D:6      | Reached XP level 9. HP: 67/85 MP: 9/9
  4650 | D:6      | Noticed Edmund
  4670 | D:6      | Killed Edmund
  5297 | D:7      | Found a basalt altar of Yredelemnul.
  5307 | D:7      | Found a sacrificial altar of Ru.
  5552 | D:7      | Found a staircase to the Ecumenical Temple.
  5566 | Temple   | Entered the Ecumenical Temple
  5620 | Temple   | Became a worshipper of Gozag Ym Sagoz the Greedy
  5647 | D:7      | Found a hide-covered altar of Uskayaw.
  5647 | D:7      | Found a snail-covered altar of Cheibriados.
  5711 | D:7      | Found a white marble altar of Elyvilon.
  5790 | D:7      | Reached XP level 10. HP: 97/97 MP: 10/10
  5876 | D:7      | Identified the staff of death "Sadiesh" {rElec rPois rF-
                  | rC+ rN+}
  6059 | D:8      | Noticed Pikel
  6106 | D:8      | Killed Pikel
  6221 | D:8      | Found a staircase to the Lair.
  6419 | D:8      | Noticed Psyche
  6433 | D:8      | Paralysed by Psyche for 5 turns
  6434 | D:8      | Killed Psyche
  6435 | D:8      | Reached skill level 1 in Evocations
  6533 | D:8      | Identified the +3 plate armour of the Kraken {Str+3}
  6548 | D:8      | Found a broken altar of Ashenzari.
  6550 | D:8      | Noticed Maggie
  6596 | D:8      | Killed Maggie
  6869 | D:8      | Noticed Grum
  6879 | D:8      | Killed Grum
  7098 | D:8      | Reached XP level 11. HP: 89/108 MP: 11/11
  7240 | D:9      | Noticed a manticore
  7244 | D:9      | Noticed a death knight
  7244 | D:9      | Noticed a cyan ugly thing
  7246 | D:9      | Noticed a centaur warrior
  7246 | D:9      | Noticed a deep elf pyromancer
  7246 | D:9      | Noticed a brown ugly thing
  7246 | D:9      | Noticed a death knight
  7247 | D:9      | Noticed a centaur warrior
  7618 | D:9      | Noticed a harpy
  7891 | D:9      | Got the Vellum of Amalgamated Bedrock
  8041 | D:9      | Identified a scroll of acquirement
  8049 | D:9      | Noticed an ice dragon
  8061 | D:10     | Entered Level 10 of the Dungeon
  8105 | D:10     | Found a staircase to the Orcish Mines.
  8342 | D:10     | Found Coqot's General Store.
  8431 | D:5      | Bought a scroll of acquirement for 728 gold pieces
  8433 | D:5      | Acquired 673 gold pieces
  8434 | D:5      | Acquired the +3 pair of gauntlets of War {Slay+5}
  8434 | D:5      | Found the +3 pair of gauntlets of War {Slay+5}
  8610 | D:10     | Reached skill level 15 in Axes
  8714 | D:10     | Noticed a two-headed ogre
  8718 | D:10     | Killed a two-headed ogre
  8719 | D:10     | Reached skill level 5 in Armour
  8719 | D:10     | Reached skill level 5 in Shields
  8734 | D:10     | Found a hazy altar of Hepliaklqana.
  8818 | D:10     | Noticed a two-headed ogre
  8831 | D:10     | Killed a two-headed ogre
  9066 | D:11     | Noticed a green ugly thing
  9081 | D:11     | Killed a green ugly thing
  9102 | D:11     | Noticed a manticore
  9110 | D:11     | Killed a manticore
  9496 | D:11     | Identified the +3 spear of Dissolution {heavy, rC+ Will+}
  9978 | D:12     | Reached skill level 5 in Evocations
  9990 | D:12     | Reached XP level 12. HP: 118/118 MP: 12/12
 10675 | D:12     | Reached skill level 15 in Fighting
 11159 | D:13     | Noticed a vault guard
 11163 | D:13     | Noticed a vault guard
 11164 | D:13     | Noticed a vault guard
 11165 | D:13     | Noticed a vault guard
 11165 | D:13     | Noticed a vault guard
 11165 | D:13     | Noticed a vault guard
 11165 | D:13     | Noticed a centaur warrior
 11165 | D:13     | Noticed a vault guard
 11165 | D:13     | Noticed a vault guard
 11179 | D:13     | HP: 5/119 [vault guard/+0 bardiche (8)]
 11193 | D:13     | Killed a vault guard
 11211 | D:13     | Killed a vault guard
 11304 | D:13     | Killed a vault guard
 11340 | D:13     | Killed a vault guard
 11340 | D:13     | Killed a vault guard
 11343 | D:13     | Killed a vault guard
 11344 | D:13     | Killed a vault guard
 11352 | D:13     | Killed a vault guard
 11353 | D:13     | Reached XP level 13. HP: 85/128 MP: 13/13
 11569 | D:13     | Found a gate to the Vaults.
 11646 | D:13     | Identified the ring of Juxkim {Wiz Drain rF- Str+8 Slay+5}
 11903 | Orc:1    | Entered Level 1 of the Orcish Mines
 12672 | Orc:2    | Entered Level 2 of the Orcish Mines
 13589 | Orc:2    | Found a staircase to the Elven Halls.
 13786 | Orc:2    | Found Comiaxky's General Store.
 13786 | Orc:2    | Found Guoproiq's Antique Weapon Shop.
 13788 | Orc:2    | Found Guschamm's Antique Weapon Boutique.
 13790 | Orc:2    | Found Jaguips's Magic Scroll Emporium.
 13822 | Orc:2    | Bought a runed broad axe for 140 gold pieces
 13921 | D:8      | Bought a brightly glowing helmet for 199 gold pieces
 13921 | D:8      | Identified the +0 helmet of Surprise {Contam rElec Int+9
                  | Dex-5} (You bought it in a shop on level 8 of the Dungeon)
 13921 | D:8      | Bought a glowing cloak for 157 gold pieces
 13933 | D:8      | Bought a glowing broad axe for 231 gold pieces
 13933 | D:8      | Bought a runed broad axe for 231 gold pieces
 13935 | D:8      | Bought an ichor-stained plate armour for 588 gold pieces
 13935 | D:8      | Identified the +6 plate armour of Myt Ocriyn {rPois rF+
                  | Will+++ Int-2} (You bought it in a shop on level 8 of the
                  | Dungeon)
 14054 | D:9      | an ice dragon changed into a slime creature
 14144 | Orc:2    | Bought a runed hand axe for 120 gold pieces
 14245 | Lair:1   | Entered Level 1 of the Lair of Beasts
 14268 | Lair:1   | Reached skill level 10 in Armour
 14350 | Lair:1   | Noticed Joseph
 14358 | Lair:1   | Killed Joseph
 14582 | Lair:1   | Identified the +10 flail of Doom {drain, Dex+5 Stlth-}
 14909 | Lair:2   | Identified the +5 dire flail of Hieseolu {spect, Int+5}
 15721 | D:10     | Bought 2 scrolls of blinking for 165 gold pieces
 15794 | D:5      | Bought a scroll of blinking for 105 gold pieces
 15794 | D:5      | Bought a scroll of butterflies for 56 gold pieces
 15794 | D:5      | Bought a scroll of teleportation for 42 gold pieces
 15905 | Lair:3   | Found a staircase to the Snake Pit.
 16100 | Lair:3   | Reached XP level 14. HP: 138/138 MP: 14/14
 16704 | Lair:3   | Found a staircase to the Shoals.
 16950 | Lair:3   | Noticed a dire elephant
 16963 | Lair:3   | Killed a dire elephant
 17239 | Lair:4   | Reached skill level 10 in Shields
 17539 | Lair:4   | Found a blossoming altar of Fedhas.
 18365 | Lair:5   | Entered Level 5 of the Lair of Beasts
 18377 | Lair:5   | Identified the +6 long sword "Kasamir" {drain, *Noise
                  | Dex+5}
 18498 | Lair:5   | Found a runed translucent gate.
 18499 | Lair:5   | Found a runed translucent gate.
 18501 | Lair:5   | Found a runed translucent gate.
 18695 | Lair:5   | Found a staircase to the Slime Pits.
 18818 | Lair:5   | Reached skill level 10 in Evocations
 18866 | Lair:5   | Reached XP level 15. HP: 147/147 MP: 15/15
 19345 | Lair:5   | Noticed Borgoz's ghost (journeyman MiBe)
 19543 | D:8      | Bought a scroll of teleportation for 39 gold pieces
 19543 | D:8      | Bought a scroll of enchant armour for 97 gold pieces
 19667 | Elf:1    | Entered Level 1 of the Elven Halls
 19869 | Elf:1    | Paralysed by an air elemental for 1 turns
 19873 | Elf:1    | Paralysed by an air elemental for 1 turns
 20338 | Elf:1    | Noticed a balrug
 20417 | Elf:1    | Noticed Azrael
 20434 | Elf:1    | Killed Azrael
 20552 | Elf:1    | Found Sarozxyuf's Magic Scroll Emporium.
 20560 | Elf:1    | Bought a scroll of fear for 56 gold pieces
 20560 | Elf:1    | Bought a scroll of magic mapping for 105 gold pieces
 20560 | Elf:1    | Bought 2 scrolls of butterflies for 112 gold pieces
 20605 | Elf:1    | You fall into a shaft and drop 1 floor!
 20932 | Elf:2    | Noticed a deep elf blademaster
 20957 | Elf:2    | Killed a deep elf blademaster
 20958 | Elf:2    | Reached XP level 16. HP: 45/159 MP: 16/16
 21121 | Elf:2    | Found a runed translucent gate.
 21121 | Elf:2    | Found a runed translucent gate.
 21121 | Elf:2    | Found a runed translucent gate.
 21434 | Elf:2    | Paralysed by an air elemental for 1 turns
 21437 | Elf:2    | Paralysed by an air elemental for 1 turns
 21592 | Elf:1    | Found a runed translucent gate.
 21592 | Elf:1    | Found a runed translucent gate.
 21592 | Elf:1    | Found a runed translucent gate.
 21592 | Elf:1    | Found a runed translucent gate.
 21592 | Elf:1    | Found a runed translucent gate.
 21593 | Elf:1    | Noticed a storm dragon
 21594 | Elf:1    | Found a runed translucent gate.
 21632 | Elf:1    | Noticed Jorgrun
 21642 | Elf:1    | Killed Jorgrun
 22712 | Elf:3    | Entered Level 3 of the Elven Halls
 22987 | Elf:3    | Identified the +2 pair of gloves of Dim Light {Str+2}
 23023 | Elf:3    | Identified the +6 battleaxe "Kisid" {pain, rElec Str+3
                  | Int+4 Dex-4}
 23024 | Elf:3    | Noticed a deep elf blademaster
 23024 | Elf:3    | Noticed a deep elf master archer
 23029 | Elf:3    | Noticed a deep elf blademaster
 23060 | Elf:3    | Killed a deep elf blademaster
 23061 | Elf:3    | Killed a deep elf blademaster
 23172 | Elf:2    | Killed a ghostly deep elf blademaster
 23343 | Elf:3    | Noticed a Brimstone Fiend
 23347 | Elf:3    | Noticed an Ice Fiend
 23473 | Elf:3    | Noticed an Ice Fiend
 23474 | Elf:3    | Noticed a Brimstone Fiend
 23475 | Elf:3    | Noticed an Executioner
 23509 | Elf:3    | Noticed an Ice Fiend
 23771 | Elf:3    | Killed a deep elf master archer
 23811 | Elf:3    | Identified the ring of Becwe {Fire *Corrode rPois Str+2}
 23860 | Elf:3    | Reached XP level 17. HP: 42/169 MP: 17/17
 24082 | Elf:3    | Got the Reference Book on the Macabre Escort
 24083 | Elf:3    | Identified the staff of poison "Tedan" {Drain rPois rF+
                  | Str+4}
 24099 | Elf:3    | Identified the +1 glaive of Kolent {vamp, rElec rN+ Int+2}
 24143 | Elf:3    | Identified the +1 plate armour of the Pink Corner {rElec
                  | rN+ Will-}
 24175 | Elf:3    | Noticed a deep elf master archer
 24305 | Elf:3    | Killed a deep elf master archer
 25375 | Shoals:1 | Entered Level 1 of the Shoals
 25391 | Shoals:1 | Reached skill level 15 in Armour
 25395 | Shoals:1 | Reached skill level 15 in Shields
 26258 | Shoals:1 | Bought a warped chain mail for 351 gold pieces
 26258 | Shoals:1 | Identified the +3 chain mail "Jineifaf" {Drain rElec rN+++
                  | Slay+2} (You bought it in a shop on level 1 of the Shoals)
 27287 | D:9      | Identified the +4 chain mail "Mugiad Xauj" {Rampage rC-
                  | rN+}
 27603 | Shoals:2 | Reached XP level 18. HP: 180/182 MP: 18/18
 29659 | Shoals:3 | Noticed Roxanne
 30188 | Shoals:4 | Entered Level 4 of the Shoals
 30914 | Shoals:4 | Noticed Polyphemus
 30944 | Shoals:4 | Killed Polyphemus
 31294 | Shoals:4 | Got a barnacled rune of Zot
 31295 | Shoals:4 | Identified the ring of Kycrun {rC- EV+5 Str+3 Dex+6}
 31735 | D:8      | Bought a scroll of enchant weapon for 97 gold pieces
 31735 | D:8      | Bought a scroll of fear for 52 gold pieces
 31735 | D:8      | Bought a scroll of blinking for 97 gold pieces
 31735 | D:8      | Bought a scroll of butterflies for 52 gold pieces
 31735 | D:8      | Bought a scroll of enchant armour for 97 gold pieces
 31864 | Vaults:1 | Entered Level 1 of the Vaults
 31972 | D:14     | Found a portal to a secret trove of treasure.
 32163 | Orc:2    | Bought a scroll of fear for 72 gold pieces
 32163 | Orc:2    | Bought a scroll of enchant armour for 135 gold pieces
 32163 | Orc:2    | Bought a scroll of magic mapping for 135 gold pieces
 32163 | Orc:2    | Bought a scroll of silence for 171 gold pieces
 32324 | D:14     | You paid a toll of 6 scrolls of fear to enter a treasure
                  | trove
 32325 | Trove    | Entered a treasure trove
 32329 | Trove    | Identified the +3 leather armour "Ismut" {rC+}
 32330 | Trove    | Identified the +3 tower shield "Rom Icw" {rElec rPois}
 32334 | Trove    | Identified the -1 pair of gloves "Eziquuh" {rPois rC- rCorr
                  | Int+3}
 32339 | Trove    | Found the +0 pair of fencer's gloves {Riposte Dex+3}
 32341 | Trove    | Identified the +2 helmet "Jotrafit" {Will+ Int+2}
 32342 | Trove    | Identified the +9 plate armour of the King of the Hill
                  | {Int-5 Dex+2 Slay+5}
 32346 | Trove    | Identified the +0 buckler of Tunafuu {rCorr Str+2}
 32353 | Trove    | Identified the +1 cloak of Dohuo {rN+ Str+3}
 32355 | Trove    | Identified the +3 pair of boots "Kaom" {Regen+ rCorr}
 32358 | Trove    | Identified the +3 pair of gloves of Precision Catastrophes
                  | {Harm}
 32413 | Trove    | Identified the +1 cloak "Seafruch" {MP+9 Int+5}
 32741 | D:13     | Found a glowing golden altar of the Shining One.
 32780 | D:14     | Reached XP level 19. HP: 192/192 MP: 19/19
 33698 | D:14     | Noticed Snorg
 33702 | D:14     | Killed Snorg
 34143 | D:15     | Entered Level 15 of the Dungeon
 34159 | D:15     | Noticed Josephine
 34165 | D:15     | Killed Josephine
 34698 | D:15     | Found a staircase to the Depths.
 35112 | D:3      | Identified the +7 scale mail of Muttered Phrases {*Corrode
                  | rElec rN+}
 35191 | D:3      | Found a radiant altar of Vehumet.
 35288 | D:3      | Noticed Natasha
 35291 | D:3      | Killed Natasha
 35415 | D:3      | Noticed Natasha
 35418 | D:3      | Killed Natasha
 35455 | D:3      | Found a sparkling altar of Nemelex Xobeh.
 35479 | D:3      | Killed Sigmund
 35652 | D:3      | Found an ancient bone altar of Kikubaaqudgha.
 35706 | D:3      | Noticed Natasha
 35708 | D:3      | Killed Natasha
 35988 | Vaults:1 | Identified the amulet "Gagugon" {Reflect rC+ rN+ Int-4
                  | SH+5}
 36523 | Vaults:1 | Identified the +0 robe "Netu" {rF+}
 36953 | Vaults:1 | Found Qujokk's Book Shop.
 37114 | Vaults:2 | Reached XP level 20. HP: 172/204 MP: 20/20
 37273 | Vaults:2 | Identified the +1 ring mail "Xuseh" {Str+2}
 37992 | Vaults:2 | Found a staircase to the Crypt.
 37992 | Vaults:2 | Found an ancient bone altar of Kikubaaqudgha.
 37992 | Vaults:2 | Found a basalt altar of Yredelemnul.
 38142 | Vaults:2 | Acquired a manual of Evocations
 38269 | Vaults:3 | You fall into a shaft and drop 1 floor!
 38394 | Vaults:4 | Noticed Jory
 38404 | Vaults:4 | Killed Jory
 38479 | Vaults:4 | Reached skill level 15 in Evocations
 38705 | Vaults:4 | Found a magical portal.
 38710 | WizLab   | Entered Lehudib's Moon Base
 38771 | WizLab   | Found a transporter.
 38776 | WizLab   | Reached XP level 21. HP: 216/216 MP: 21/21
 38810 | WizLab   | Gained mutation: You are vulnerable to cold. (rC-) [a
                  | neqoxec]
 38955 | WizLab   | Gained mutation: You are weak. (Str -2) [a neqoxec]
 38960 | WizLab   | Gained mutation: You have hidden genetic defects. [a
                  | neqoxec]
 38961 | WizLab   | Gained mutation: You sometimes lose your temper in combat.
                  | [a neqoxec]
 38963 | WizLab   | Gained mutation: You are clumsy. (Dex -2) [a neqoxec]
 39966 | WizLab   | Found a transporter.
 40289 | WizLab   | Gained mutation: You are frail. (-10% HP) [hidden defects]
 40339 | WizLab   | Identified the ring of Tender Moments {rN+ EV+5 Str+3}
 40564 | Vaults:4 | Found Yrghemumeer's Weapon Shop.
 40794 | Vaults:4 | Noticed Zenata
 40803 | Vaults:4 | Killed Zenata
 41004 | Vaults:4 | Noticed Frederick
 41016 | Vaults:4 | Killed Frederick
 41453 | Vaults:4 | Gained mutation: You are very clumsy. (Dex -4) [hidden
                  | defects]
 41453 | Vaults:4 | Lost mutation: You have hidden genetic defects. [hidden
                  | defects expressed]
 41540 | Vaults:4 | Lost mutation: You are frail. (-10% HP) [potion of
                  | mutation]
 41540 | Vaults:4 | Lost mutation: You are weak. (Str -2) [potion of mutation]
 41540 | Vaults:4 | Gained mutation: You are partially covered in iridescent
                  | scales. (AC +2) [potion of mutation]
 41540 | Vaults:4 | Gained mutation: You are weak. (Str -2) [potion of
                  | mutation]
 41540 | Vaults:4 | Gained mutation: You are robust. (+10% HP) [potion of
                  | mutation]
 41541 | Vaults:4 | Lost mutation: You are very clumsy. (Dex -4) [potion of
                  | mutation]
 41541 | Vaults:4 | Lost mutation: You are weak. (Str -2) [potion of mutation]
 41541 | Vaults:4 | Lost mutation: You are partially covered in iridescent
                  | scales. (AC +2) [potion of mutation]
 41541 | Vaults:4 | Gained mutation: Your movements are slightly less
                  | encumbered by armour. (ER -2) [potion of mutation]
 41541 | Vaults:4 | Lost mutation: Your movements are slightly less encumbered
                  | by armour. (ER -2) [potion of mutation]
 41541 | Vaults:4 | Gained mutation: You are very clumsy. (Dex -4) [potion of
                  | mutation]
 41541 | Vaults:4 | Gained mutation: Your flesh is heat resistant. (rF+)
                  | [potion of mutation]
 41542 | Vaults:4 | Lost mutation: Your flesh is heat resistant. (rF+) [potion
                  | of mutation]
 41542 | Vaults:4 | Lost mutation: You sometimes lose your temper in combat.
                  | [potion of mutation]
 41542 | Vaults:4 | Gained mutation: You have sharp toenails. [potion of
                  | mutation]
 41542 | Vaults:4 | Gained mutation: Your flesh is heat resistant. (rF+)
                  | [potion of mutation]
 41543 | Vaults:4 | Lost mutation: You have sharp toenails. [potion of
                  | mutation]
 41543 | Vaults:4 | Lost mutation: Your flesh is heat resistant. (rF+) [potion
                  | of mutation]
 41543 | Vaults:4 | Lost mutation: You are very clumsy. (Dex -4) [potion of
                  | mutation]
 41543 | Vaults:4 | Gained mutation: You have an increased reservoir of magic.
                  | (+10% MP) [potion of mutation]
 41544 | Vaults:4 | Lost mutation: You are clumsy. (Dex -2) [potion of
                  | mutation]
 41544 | Vaults:4 | Lost mutation: You have an increased reservoir of magic.
                  | (+10% MP) [potion of mutation]
 41544 | Vaults:4 | Gained mutation: You are partially covered in iridescent
                  | scales. (AC +2) [potion of mutation]
 41544 | Vaults:4 | Gained mutation: You have sharp toenails. [potion of
                  | mutation]
 41545 | Vaults:4 | Lost mutation: You have sharp toenails. [potion of
                  | mutation]
 41545 | Vaults:4 | Lost mutation: You are vulnerable to cold. (rC-) [potion of
                  | mutation]
 41545 | Vaults:4 | Lost mutation: You are partially covered in iridescent
                  | scales. (AC +2) [potion of mutation]
 41545 | Vaults:4 | Gained mutation: Your body sometimes deteriorates upon
                  | taking damage. [potion of mutation]
 41545 | Vaults:4 | Gained mutation: You occasionally lose the ability to drink
                  | potions when taking damage. [potion of mutation]
 41545 | Vaults:4 | Gained mutation: You have a pair of small horns on your
                  | head. [potion of mutation]
 41549 | Vaults:4 | Lost mutation: You are robust. (+10% HP) [potion of
                  | mutation]
 41549 | Vaults:4 | Lost mutation: You occasionally lose the ability to drink
                  | potions when taking damage. [potion of mutation]
 41549 | Vaults:4 | Gained mutation: You have hidden genetic defects. [potion
                  | of mutation]
 41549 | Vaults:4 | Gained mutation: You possess an exceptional clarity of
                  | mind. [potion of mutation]
 41550 | Vaults:4 | Lost mutation: You possess an exceptional clarity of mind.
                  | [potion of mutation]
 41550 | Vaults:4 | Lost mutation: Your body sometimes deteriorates upon taking
                  | damage. [potion of mutation]
 41550 | Vaults:4 | Lost mutation: You have a pair of small horns on your head.
                  | [potion of mutation]
 41550 | Vaults:4 | Gained mutation: Your mind is acute. (Int +4, Str/Dex -1)
                  | [potion of mutation]
 41550 | Vaults:4 | Gained mutation: You have sharp toenails. [potion of
                  | mutation]
 41551 | Vaults:4 | Lost mutation: You have sharp toenails. [potion of
                  | mutation]
 41551 | Vaults:4 | Lost mutation: Your mind is acute. (Int +4, Str/Dex -1)
                  | [potion of mutation]
 41551 | Vaults:4 | Lost mutation: You have hidden genetic defects. [potion of
                  | mutation]
 41551 | Vaults:4 | Gained mutation: You occasionally shout uncontrollably at
                  | your foes. [potion of mutation]
 41551 | Vaults:4 | Gained mutation: Your flesh is cold resistant. (rC+)
                  | [potion of mutation]
 41552 | Vaults:4 | Lost mutation: Your flesh is cold resistant. (rC+) [potion
                  | of mutation]
 41552 | Vaults:4 | Lost mutation: You occasionally shout uncontrollably at
                  | your foes. [potion of mutation]
 41552 | Vaults:4 | Gained mutation: You possess an exceptional clarity of
                  | mind. [potion of mutation]
 41552 | Vaults:4 | Gained mutation: You have large cloven feet. [potion of
                  | mutation]
 41552 | Vaults:4 | Gained mutation: Your movements are slightly less
                  | encumbered by armour. (ER -2) [potion of mutation]
 42004 | Vaults:3 | Found Botifi's Assorted Antiques.
 42023 | Vaults:3 | Bought a potion of curing for 99 gold pieces
 42023 | Vaults:3 | Bought 2 scrolls of blinking for 495 gold pieces
 42348 | Vaults:3 | Reached XP level 22. HP: 226/226 MP: 22/22
 43068 | Vaults:5 | Entered Level 5 of the Vaults
 43079 | Vaults:5 | Noticed an ancient lich
 43081 | Vaults:5 | Noticed a golden dragon
 43098 | Vaults:4 | Killed an ancient lich
 43271 | Vaults:5 | Lost intelligence.
 43278 | Vaults:4 | Killed a golden dragon
 43574 | Vaults:5 | Identified the +3 falchion "Yllaimeqo" {drain, rF+ rC+}
 43601 | Vaults:5 | Noticed a golden dragon
 43606 | Vaults:5 | Killed a golden dragon
 43609 | Vaults:5 | Identified the +10 arbalest of Dried Tears {penet, rPois
                  | rF+ rC+ Dex-2}
 43780 | Vaults:5 | Reached XP level 23. HP: 164/238 MP: 20/23
 44120 | Vaults:5 | Identified the +7 sling of Irrepressible Laughter {freeze,
                  | rElec rC++ Str-4 Dex+2}
 44152 | Vaults:5 | Identified the amulet of Lihonod {Acrobat rElec rF+ Str-4
                  | Dex+3}
 44154 | Vaults:5 | Identified the ring of Irrepressible Laughter {Fire rElec
                  | rPois Will- Str+4}
 44528 | Vaults:5 | Found Rareon's Distillery.
 44531 | Vaults:5 | Found Seithez's Magic Scroll Boutique.
 44532 | Vaults:5 | Bought a potion of berserk rage for 70 gold pieces
 44539 | Vaults:5 | Bought a scroll of silence for 104 gold pieces
 44539 | Vaults:5 | Bought a scroll of blinking for 82 gold pieces
 44617 | Vaults:5 | Got a silver rune of Zot
 44836 | Vaults:5 | Identified the staff of fire "Feakkir" {rF+ Will+ Str+2
                  | Int-4}
 44951 | Vaults:5 | Identified the +3 halberd of Erakhoakk {drain, rN+++ rCorr
                  | Int-2}
 45058 | Vaults:5 | Bought a glowing broad axe for 266 gold pieces
 45060 | Vaults:5 | Bought a glowing broad axe for 224 gold pieces
 45060 | Vaults:5 | Bought a glowing broad axe for 224 gold pieces
 45330 | Snake:1  | Entered Level 1 of the Snake Pit
 45566 | Snake:1  | Identified the +1 chain mail "Durghaa" {Rampage +Blink
                  | rPois rCorr}
 46310 | Snake:2  | Reached skill level 27 in Fighting
 47807 | Snake:4  | Entered Level 4 of the Snake Pit
 47815 | Snake:4  | Found Tireeh's Antique Weapon Boutique.
 48782 | Snake:4  | Reached XP level 24. HP: 211/249 MP: 15/23
 48841 | Snake:4  | Got a serpentine rune of Zot
 49103 | D:8      | Bought a scroll of immolation for 52 gold pieces
 49258 | Depths:1 | Entered Level 1 of the Depths
 49610 | Depths:1 | Noticed Mara
 49638 | Depths:1 | Noticed HumbleHazard's illusion
 49645 | Depths:1 | Killed Mara
 49897 | Depths:1 | Found Qoept's Overcharged Wands.
 49982 | Depths:1 | Found Repihiob's Fire Supplies.
 50031 | Depths:1 | Found an opulent altar of Gozag.
 50084 | Depths:1 | Found a one-way gate to the infinite horrors of the Abyss.
 50151 | Depths:1 | Found a gateway to Hell.
 50210 | Depths:1 | Found a one-way gate leading to the halls of Pandemonium.
 50273 | Depths:1 | Noticed a caustic shrike
 50284 | Depths:1 | Killed a caustic shrike
 50636 | Depths:2 | Got Rucwel Coal's Anthology of Blows
 50833 | Depths:2 | Identified the +6 shortbow "Lytarus" {freeze, rPois rCorr
                  | Int+6 Stlth-}
 50843 | Depths:2 | Identified the +1 rapier "Cienuz" {freeze, +Blink Str+4
                  | Dex+4}
 50933 | Depths:2 | Paralysed by a floating eye for 4 turns
 51036 | Depths:2 | Noticed Asterion
 51046 | Depths:2 | Killed Asterion
 51178 | Depths:2 | Found a hide-covered altar of Uskayaw.
 51539 | Depths:2 | Found an ancient bone altar of Kikubaaqudgha.
 51807 | Depths:3 | Gained mutation: Your body sometimes deteriorates upon
                  | taking damage. [a shining eye]
 51912 | Depths:3 | Reached XP level 25. HP: 257/257 MP: 23/23
 51951 | Depths:3 | Noticed Mennas
 51966 | Depths:3 | Killed Mennas
 52277 | Depths:3 | Identified the +3 ring mail of the Well-Known Priests
                  | {rElec Will+}
 52501 | Depths:3 | You fall into a shaft and drop 1 floor!
 52501 | Depths:4 | Entered Level 4 of the Depths
 52688 | Depths:3 | Lost mutation: You have large cloven feet. [potion of
                  | mutation]
 52688 | Depths:3 | Lost mutation: Your movements are slightly less encumbered
                  | by armour. (ER -2) [potion of mutation]
 52688 | Depths:3 | Gained mutation: You passively dampen the noise of your
                  | surroundings. [potion of mutation]
 52688 | Depths:3 | Gained mutation: You are partially covered in large bone
                  | plates. (SH +4) [potion of mutation]
 52689 | Depths:3 | Lost mutation: Your body sometimes deteriorates upon taking
                  | damage. [potion of mutation]
 52689 | Depths:3 | Lost mutation: You possess an exceptional clarity of mind.
                  | [potion of mutation]
 52689 | Depths:3 | Gained mutation: You do not regenerate when monsters are
                  | visible. [potion of mutation]
 52689 | Depths:3 | Lost intelligence.
 52689 | Depths:3 | Gained mutation: Your muscles are strong. (Str +4, Int/Dex
                  | -1) [potion of mutation]
 52691 | Depths:3 | Lost mutation: You are partially covered in large bone
                  | plates. (SH +4) [potion of mutation]
 52691 | Depths:3 | Lost mutation: You do not regenerate when monsters are
                  | visible. [potion of mutation]
 52691 | Depths:3 | Lost mutation: Your muscles are strong. (Str +4, Int/Dex
                  | -1) [potion of mutation]
 52691 | Depths:3 | Gained mutation: You are strong-willed. (Will+) [potion of
                  | mutation]
 53154 | Depths:4 | Found a one-way gateway to a ziggurat.
 53236 | Depths:4 | Found a gate to the Realm of Zot.
 53538 | Depths:4 | Found Veuhan's Book Emporium.
 53538 | Depths:4 | Found Ymikkal's Jewellery Boutique.
 53539 | Depths:4 | Found Ogit's Book Emporium.
 53905 | Zot:1    | Entered Level 1 of the Realm of Zot
 54284 | Zot:1    | Noticed an orb of fire
 54293 | Zot:1    | Gained mutation: You are clumsy. (Dex -2) [an orb of fire]
 54295 | Zot:1    | Gained mutation: Your body sometimes deteriorates upon
                  | taking damage. [an orb of fire]
 54854 | Zot:1    | Identified the +3 short sword "Bokliq" {flame, rElec rPois
                  | Int-3 Dex+4}
 54855 | Zot:1    | Got the Almanac of The Black Sun
 55149 | Zot:1    | Gained mutation: You sometimes lose your temper in combat.
                  | [an orb of fire]
 55155 | Zot:1    | Gained mutation: Your spells are a little easier to cast,
                  | but a little less powerful. [an orb of fire]
 55156 | Zot:1    | Killed an orb of fire
 55807 | Zot:2    | Reached XP level 26. HP: 258/258 MP: 23/23
 56595 | D:8      | Bought a scroll of teleportation for 57 gold pieces
 56595 | D:8      | Bought a scroll of blinking for 142 gold pieces
 56595 | D:8      | Bought a scroll of fear for 76 gold pieces
 56595 | D:8      | Bought a scroll of teleportation for 57 gold pieces
 58858 | Zot:4    | Noticed a Killer Klown
 58858 | Zot:4    | Noticed a Killer Klown
 58858 | Zot:4    | Noticed an ancient lich
 58873 | Zot:3    | Killed a Killer Klown
 58890 | Zot:4    | Noticed a Killer Klown
 58900 | Zot:3    | Killed an ancient lich
 58925 | Zot:3    | Killed a Killer Klown
 59074 | Zot:4    | Killed a Killer Klown
 59210 | Zot:4    | Noticed Vv
 59230 | Zot:4    | Killed Vv
 59544 | Zot:4    | Identified the +10 morningstar of Yeast {heavy, Will+}
 60441 | Zot:5    | Entered Level 5 of the Realm of Zot
 60676 | Zot:5    | Reached XP level 27. HP: 262/262 MP: 23/23
 60827 | Zot:5    | Noticed an ancient lich
 60831 | Zot:5    | Killed an ancient lich
 60841 | Zot:5    | Noticed a dread lich
 61192 | Zot:5    | Noticed an ancient lich
 61204 | Zot:5    | Killed an ancient lich
 61252 | Zot:5    | Noticed an orb of fire
 61253 | Zot:5    | Noticed an ancient lich
 61253 | Zot:5    | Noticed an orb of fire
 61262 | Zot:5    | Killed a dread lich
 61263 | Zot:5    | Gained mutation: You are weak. (Str -2) [an orb of fire]
 61264 | Zot:5    | Killed an orb of fire
 61265 | Zot:5    | Killed an ancient lich
 61266 | Zot:5    | Reached skill level 27 in Shields
 61272 | Zot:5    | Gained mutation: You are dopey. (Int -2) [an orb of fire]
 61272 | Zot:5    | Gained mutation: You do not regenerate when monsters are
                  | visible. [an orb of fire]
 61274 | Zot:5    | Killed an orb of fire
 61328 | Zot:4    | Lost mutation: Your body sometimes deteriorates upon taking
                  | damage. [potion of mutation]
 61328 | Zot:4    | Lost mutation: You are strong-willed. (Will+) [potion of
                  | mutation]
 61328 | Zot:4    | Lost mutation: You are clumsy. (Dex -2) [potion of
                  | mutation]
 61328 | Zot:4    | Lost mutation: You sometimes lose your temper in combat.
                  | [potion of mutation]
 61328 | Zot:4    | Lost mutation: You are weak. (Str -2) [potion of mutation]
 61329 | Zot:4    | Lost mutation: You do not regenerate when monsters are
                  | visible. [potion of mutation]
 61329 | Zot:4    | Lost mutation: You are dopey. (Int -2) [potion of mutation]
 61329 | Zot:4    | Gained mutation: A frigid envelope surrounds you and
                  | freezes all who hurt you. [potion of mutation]
 61329 | Zot:4    | Gained mutation: You have supernaturally acute eyesight.
                  | (SInv) [potion of mutation]
 61590 | Zot:5    | Noticed an orb of fire
 61590 | Zot:5    | Noticed an orb of fire
 61603 | Zot:5    | Noticed an ancient lich
 61605 | Zot:5    | Gained mutation: You do not regenerate when monsters are
                  | visible. [an orb of fire]
 61614 | Zot:5    | Killed an orb of fire
 61615 | Zot:5    | Noticed a dread lich
 61717 | Zot:5    | Lost mutation: Your spells are a little easier to cast, but
                  | a little less powerful. [potion of mutation]
 61717 | Zot:5    | Lost mutation: You passively dampen the noise of your
                  | surroundings. [potion of mutation]
 61717 | Zot:5    | Gained mutation: You are covered in fur. (AC +1) [potion of
                  | mutation]
 61717 | Zot:5    | Gained mutation: You are dopey. (Int -2) [potion of
                  | mutation]
 61717 | Zot:5    | Gained mutation: Your flesh is cold resistant. (rC+)
                  | [potion of mutation]
 61718 | Zot:5    | Lost mutation: A frigid envelope surrounds you and freezes
                  | all who hurt you. [potion of mutation]
 61718 | Zot:5    | Lost mutation: You are dopey. (Int -2) [potion of mutation]
 61718 | Zot:5    | Lost mutation: Your flesh is cold resistant. (rC+) [potion
                  | of mutation]
 61719 | Zot:5    | Lost mutation: You do not regenerate when monsters are
                  | visible. [potion of mutation]
 61719 | Zot:5    | Lost mutation: You have supernaturally acute eyesight.
                  | (SInv) [potion of mutation]
 61719 | Zot:5    | Gained mutation: You are somewhat resistant to further
                  | mutation. [potion of mutation]
 61767 | Zot:5    | Gained mutation: You are frail. (-10% HP) [an orb of fire]
 61783 | Zot:5    | Gained mutation: You are very frail. (-20% HP) [an orb of
                  | fire]
 61786 | Zot:5    | Killed an orb of fire
 61979 | Zot:5    | Noticed an ancient lich
 62003 | Zot:5    | Killed an ancient lich
 62018 | Zot:5    | Killed an ancient lich
 62154 | Zot:5    | Killed a dread lich
 62208 | Zot:5    | Got the Orb of Zot
 62641 | Zot:1    | Noticed a seraph
 62669 | Depths:3 | Noticed Newuy the pandemonium lord
 63091 | D:$      | Escaped with the Orb!

Illustrated notes

Levels and vault maps discovered:
D:1:      saegor_arrival_simple_b, layout_rooms, serial_rivers,
          chequers_serial_rivers_small_b, chequers_serial_rivers_large_b,
          chequers_serial_rivers_micro_c, chequers_serial_rivers_small_a,
          chequers_serial_rivers_small_b, chequers_serial_rivers_micro_e
D:2:      layout_basic, chequers_ecumenical_altar_simple_redux, minmay_ruptured
D:3:      layout_basic, mainiacjoe_overflow_surrounded_room,
          nemelex_dance_club_becter, nicolae_vehumet_radiance,
          kennysheep_generic_room_5, uniq_natasha, uniq_sigmund
D:4:      layout_gridville, doesnt_xom_only_xom,
          grunt_dithmenos_smoke_and_mirrors, portal_sewer_entry_d
D:5:      layout_gridville, nicolae_hexahallways, hangedman_glass_teeth,
          st_stairs_2, nicolae_nh_oracle_at_delphi, uniq_crazy_yiuf_cottage,
          uniq_blork_the_orc
D:6:      layout_rooms, nzn_overflow_gifts_of_might_and_magic, uniq_edmund
D:7:      layout_basic, elyvilon_altar_5, overflow_temple_1_default,
          mainiacjoe_overflow_24_doors, mainiacjoe_overflow_divided_tiny,
          minmay_temple_entry_drinking_statues, minmay_ruffians
D:8:      layout_basic, evilmike_ruin_ashenzari, due_lair_maze_entry_diamond,
          uniq_maggie, uniq_psyche, uniq_pikel, uniq_grum
D:9:      layout_irregular_city, minivault_12
D:10:     layout_rooms, lemuel_round_altar, zombieorc2_lemuel, serial_shops,
          shop
D:11:     layout_cave_pods
D:12:     layout_gridville
D:13:     layout_cave_pools, erik_vaults_2, tso_altar
D:14:     layout_layer_cave, kennysheep_cross_landing,
          nicolae_trove_entry_columns, uniq_snorg
D:15:     grunt_enter_depths_hoard, layout_cave_pools,
          minmay_misc_feat_more_columns, hangedman_abyss_or_decor_lesser_grid,
          wad_mini_maze, uniq_josephine
Temple:   hellmonk_temple_forest_ring
Lair:1:   layout_hall_layers, grunt_megastairs_5, uniq_joseph
Lair:2:   layout_regular_city, nicolae_lair_lindhole, grunt_megastairs_1
Lair:3:   nzn_winding_woodlands_stair_cross
          [nzn_winding_woodlands_5x15_lazy_stream,
          nzn_winding_woodlands_center_lodge,
          nzn_winding_woodlands_5x15_longhouse,
          nzn_winding_woodlands_5x5_open_star,
          nzn_winding_woodlands_5x5_checkerboard,
          nzn_winding_woodlands_5x15_concentric,
          nzn_winding_woodlands_center_diamonds,
          nzn_winding_woodlands_5x15_river_crossing], layout_gridlike,
          elwin_shoals_entry_rooms, dummy_snake_entry
Lair:4:   layout_regular_city, tgw_fedhas
Lair:5:   evilmike_catoblepas_cave, layout_misc_corridors,
          minmay_slime_entry_oklob_enclosed, gammafunk_ghost_necromancy,
          lemuel_fruit_tree, grunt_megastairs_3
Shoals:1: nicolae_shoals_island_circles, layout_shoals
Shoals:2: layout_shoals, nicolae_shoals_sun_and_surf
Shoals:3: layout_shoals, uniq_roxanne
Shoals:4: shoals_end_hellmonk_lost_city, uniq_polyphemus
Snake:1:  layout_cave_pods, serial_bayou_shore_a, nicolae_integral_box,
          serial_bayou_shore_b
Snake:2:  layout_misc_corridors
Snake:3:  layout_grid_maze
Snake:4:  snake_pit_salamanders_mu, layout_misc_corridors, serial_shops, shop,
          serial_bayou_shore_b, grunt_megastairs_2
Orc:1:    nicolae_orc_accident_1, layout_caves
Orc:2:    st_orc_rangers, layout_diamond_mine
Elf:1:    minmay_elf_arrival_summoners, layout_gridlike, serial_shops, shop,
          orc_legates, fountainhead, nicolae_elf_glass_and_crystal_pillar_2,
          uniq_azrael, uniq_jorgrun
Elf:2:    elven_hall_of_blades_hangedman_original [nooodl_blade_entry_preview],
          layout_loops_ring, hellmonk_bongcloud_opening, glass_columns_b
Elf:3:    grunt_elf_hall_branching, layout_loops_corners
Vaults:1: nicolae_vaults_heart-shaped_vault, nicolae_vaults_ninety_degrees,
          nicolae_vaults_triangles, nicolae_vaults_more_shelving_2,
          vaults_mumra_chevron, nicolae_vaults_network_quinsquares
          [nicolae_vaults_network_quincunx_subvault,
          nicolae_vaults_network_quincunx_subvault,
          nicolae_vaults_network_quincunx_subvault,
          nicolae_vaults_network_quincunx_subvault], dpeg_vaults_hating_casters,
          nicolae_vaults_spaceships, vaults_dpeg_ring,
          nicolae_vaults_tetromino_T_1, layout_vaults_omnicross, serial_shops,
          shop_statue
Vaults:2: nicolae_vaults_shrinking_rooms_2, minmay_crypt_entry_necro_gods,
          vaults_room_semicircle, hangedman_vaults_stretched_pinwheel,
          nicolae_vaults_network_quincunx
          [nicolae_vaults_network_quincunx_subvault,
          nicolae_vaults_network_quincunx_subvault,
          nicolae_vaults_network_quincunx_subvault,
          nicolae_vaults_network_quincunx_subvault,
          nicolae_vaults_network_quincunx_subvault], vaults_room_semicircle,
          nicolae_vaults_little_squares_6, nicolae_vaults_six-pack, v_pattern_4,
          ontoclasm_vaults_fault, st_star, nicolae_vaults_house_1,
          ontoclasm_vaults_shuriken, nicolae_vaults_house_2,
          vaults_standard_mumra_x, nicolae_vaults_trapezoid_3,
          layout_vaults_maze_snakey
Vaults:3: hangedman_vaults_stream, hangedman_vaults_restitches, v_misc_2,
          ontoclasm_vaults_idyll, nicolae_vaults_halls_meeting,
          nicolae_vaults_stairing_the_circle,
          nicolae_vaults_trapezoid_lopsided_2, vaults_room_corners,
          nicolae_vaults_double_plus_1, layout_vaults_chaotic_city,
          serial_shops, shop
Vaults:4: mu_enter_wizlab_2, v_misc_4, nicolae_vaults_taking_the_gang_shopping,
          vaults_dpeg_encased_lava, nicolae_vaults_little_squares_6,
          hangedman_vaults_river_flow, nicolae_vaults_sealed_display,
          nicolae_vaults_trapezoid_1, layout_vaults_quadrants, uniq_zenata,
          uniq_frederick, uniq_jory
Vaults:5: serial_shops
Depths:1: minmay_tri_box, layout_cave_shapes, abyss_entry_crystal,
          rand_demon_pan_entry_8, pf_hell_entry_tar_spiral,
          nicolae_gozag_seed_capital, nicolae_shop_fire_sale
          [nicolae_sub_dead_trees], nicolae_shop_overcharged_wands, uniq_mara
Depths:2: grunt_arcs, layout_long_grid, pan_entry, hell_entry,
          marbit_kobold_abyss_entry, nicolae_uskayaw_suspiria, st_stairs_5,
          kennysheep_vampire_church, infiniplex_staircase_zigzag_3,
          uniq_asterion
Depths:3: evilmike_horseshoe, layout_cave_pools, hangedman_abyss_entry_splay,
          minmay_misc_feat_iff, hell_entry, kennysheep_nondescript, st_stairs_6,
          minmay_staircase_bubble, uniq_mennas
Depths:4: grunt_zot_entry_funnels, layout_basic, enter_ziggurat_e, hell_entry,
          grunt_decor_one_mirror, minmay_shop_grove, serial_bayou_shore_b
Zot:1:    dreamdust_black_sun_cult, layout_misc_corridors
Zot:2:    layout_basic, grunt_megastairs_4
Zot:3:    layout_misc_corridors, st_stairs_1, hangedman_zot_diagonal_lockstep
Zot:4:    ebering_klown_carousel, layout_cellular_growth, st_stairs_1, uniq_vv
Zot:5:    layout_basic

Skill      XL: |  1  2  3  4  5  6  7  8  9 10 11 12 13 14 15 16 17 18 19 20 21 22 23 24 25 26 27 |
---------------+----------------------------------------------------------------------------------+-----
Fighting       | 4 5 6 7 8 10 12 13 14 16 17 18 19 21 22 23 24 25 26 27 | 27.0
Axes           | 3 4 5 7 8 10 12 14 15 16 17 18 19 20 22 25 | 25.0
Evocations     | 2 5 6 8 10 12 15 19 20 | 20.7
Armour         | 6 8 10 11 12 14 15 16 18 19 20 22 24 26 | 26.0
Shields        | 6 8 9 10 12 14 15 16 18 19 20 22 24 25 27 | 27.0

Action                     |  1- 3 |  4- 6 |  7- 9 | 10-12 | 13-15 | 16-18 | 19-21 | 22-24 | 25-27 || total
---------------------------+-------+-------+-------+-------+-------+-------+-------+-------+-------++-------
  Melee: War axe           |    77 |   137 |   295 |   606 |   770 |       |    22 |       |       ||  1907
         Long sword        |       |       |       |       |    13 |       |       |       |       ||    13
         Broad axe         |       |       |       |       |    98 |   677 |   547 |   752 |   948 ||  3022
  Throw: Throwing net      |       |       |       |     2 |       |       |       |       |       ||     2
 Invoke: Call Merchant     |       |       |       |       |     4 |     2 |       |     4 |     2 ||    12
         Potion Petition   |       |       |       |       |       |       |       |     1 |       ||     1
  Evoke: Wand              |       |       |       |     9 |       |     4 |     1 |     4 |     3 ||    21
         Box of beasts     |       |       |       |       |     1 |     1 |     1 |       |       ||     3
    Use: Scroll            |     5 |     5 |     8 |    12 |     6 |    17 |     2 |     3 |    10 ||    68
         Potion            |       |     1 |     2 |     3 |     2 |     3 |    10 |       |    17 ||    38
   Stab: Distracted        |       |       |       |     5 |     7 |     5 |     7 |    14 |     4 ||    42
         Petrified         |       |       |       |       |     3 |     1 |       |       |       ||     4
         Paralysed         |       |       |       |       |       |       |       |     1 |       ||     1
 Armour: Scale mail        |    23 |    61 |    22 |       |       |       |       |       |       ||   106
         Chain mail        |       |       |    87 |    68 |       |       |       |       |       ||   155
         Plate armour      |       |       |       |   273 |   491 |   415 |   265 |   347 |   452 ||  2243
  Dodge: Dodged            |    40 |    91 |   113 |   172 |   253 |   176 |    84 |   123 |   159 ||  1211
  Block: Buckler           |    18 |    40 |    91 |   168 |       |       |       |       |       ||   317
         Kite shield       |       |       |       |       |   425 |   646 |       |       |       ||  1071
         Reflection        |       |       |       |       |       |   104 |    96 |    72 |    15 ||   287
         Tower shield      |       |       |       |       |       |    11 |   687 |   897 |  1023 ||  2618
Riposte: Broad axe         |       |       |       |       |       |     1 |   174 |   108 |       ||   283
         War axe           |       |       |       |       |       |       |     4 |       |       ||     4
